 Dungeon Crawl Stone Soup version 0.25.1-2-g60ff931df9 (webtiles) character file.

Game seed: 9853297523162202688

261 Cinatic the Covert (level 5, 0/26 HPs)
             Began as a Spriggan Assassin on Oct 18, 2020.
             Slain by Natasha (3 damage)
             ... on level 2 of the Dungeon.
             The game lasted 00:12:39 (1979 turns).

Cinatic the Covert (Spriggan Assassin)              Turns: 1979, Time: 00:12:44

Health: 0/26       AC:  4    Str:  8    XL:     5   Next: 96%
Magic:  6/6        EV: 19    Int: 12    God:
Gold:   83         SH:  0    Dex: 18    Spells: 4/4 levels left

rFire    . . .     SeeInvis +   a - +2 dagger
rCold    . . .     Gourm    .   (shield restricted)
rNeg     . . .     Faith    .   b - +0 robe
rPois    .         Spirit   .   l - +1 hat
rElec    .         Reflect  .   c - +0 cloak
rCorr    .         Harm     .   (gloves unavailable)
MR       .....                  (boots unavailable)
Stlth    ++++......             (no amulet)
HPRegen  0.08/turn              (no ring)
MPRegen  0.10/turn              (no ring)

@: very quick
A: very small, unfitting armour, see invisible, herbivore, speed 3, slow
metabolism 2
a: no special abilities


You were on level 2 of the Dungeon.
You were not hungry.

You visited 1 branch of the dungeon, and saw 2 of its levels.

You collected 83 gold pieces.

Inventory:

Hand Weapons
 a - a +2 dagger (weapon)
 q - a +0 hunting sling
Missiles
 d - 8 poisoned darts (quivered)
 e - 2 curare-tipped darts
 r - 40 stones
Armour
 b - a +0 robe (worn)
 c - a +0 cloak (worn)
 l - a +1 hat (worn)
Scrolls
 j - a scroll of identify
 k - 2 scrolls of enchant weapon
 m - 2 scrolls of remove curse {unknown}
 n - a scroll of fog {unknown}
 o - a scroll of noise {unknown}
 p - 2 scrolls of teleportation {unknown}
Potions
 g - a potion of degeneration {unknown}
 h - a potion of haste {unknown}
 i - a potion of brilliance {unknown}
 s - 2 potions of flight {unknown}
Comestibles
 f - 7 rations


   Skills:
 + Level 2.0 Fighting
 + Level 3.7 Short Blades
 + Level 2.0 Throwing
 + Level 4.0 Dodging
 + Level 8.8 Stealth


You had 4 spell levels left.
You didn't know any spells.
Your spell library was empty.

Dungeon Overview and Level Annotations

Branches:
Dungeon (2/15)

Altars:
Nemelex Xobeh

Annotations:
D:2 Natasha


Innate Abilities, Weirdness & Mutations

You are very small and have problems with some larger weapons.
You are too small for most types of armour.
You have supernaturally acute eyesight. (SInv)
You are a herbivore.
You cover ground extremely quickly.
You need to consume almost no food.


Message History

Natasha stares at you and mumbles some strange words.
The magic dart hits you. The white imp gestures at you.
The puff of frost hits you.
You hit the white imp.
The white imp is lightly wounded.
Natasha closely misses you.
You hit the white imp but do no damage.
The white imp is lightly wounded.
The white imp barely misses you. Natasha casts a spell at you.
The magic dart hits you.
* * * LOW HITPOINT WARNING * * *
You closely miss the white imp.
The white imp is lightly wounded.
The white imp closely misses you.
The iron imp grins evilly.
Natasha mewls in sadness.
Natasha claws you.
You die...

#.....# ##.## #.##.#
#.#.. ####### #..#
#.##.####### #.#.# #
##.###.##.#.....#
#.#.# #
#..##.##.#.....# #.#.#
# ##.##.##.#.....#
#.#.# #
#.##.##.#.....# #.#.#
# #.##.##.#.....#
#.#.# #
##..#5##.#.....###.#.#
#
#...#@##.......)...#.#
####
#...#h##############.#
...# #....5# #.# ...#
#.....# #.# ...#
#.....# #.. ...#
#...#.############ ###
...#
#####>...........#
...#########
############.#
...........# #.#


You could see an iron imp (summoned), Natasha and a white imp (summoned).

Vanquished Creatures
  Sigmund (D:2)
  Natasha (D:2)
  3 adders (D:2)
  An ooze (D:1)
  2 dart slugs
  A leopard gecko (D:1)
  2 ball pythons (D:1)
  7 goblins
  4 hobgoblins
  2 quokkas (D:2)
  7 bats
  2 frilled lizards (D:1)
  7 kobolds
  3 rats
43 creatures vanquished.

Notes
Turn   | Place    | Note
-------+----------+-------------------------------------------
     0 | D:1      | Cinatic the Spriggan Assassin began the quest for the Orb.
     0 | D:1      | Reached XP level 1. HP: 10/10 MP: 2/2
    79 | D:1      | Reached skill level 6 in Stealth
   457 | D:1      | Reached XP level 2. HP: 14/14 MP: 3/3
   719 | D:1      | Found a sparkling altar of Nemelex Xobeh.
  1086 | D:2      | Reached skill level 7 in Stealth
  1184 | D:2      | Reached XP level 3. HP: 18/18 MP: 4/4
  1351 | D:2      | Noticed Natasha
  1388 | D:2      | Killed Natasha
  1437 | D:2      | Reached XP level 4. HP: 19/23 MP: 5/5
  1615 | D:2      | Noticed Sigmund
  1620 | D:2      | Killed Sigmund
  1620 | D:2      | Reached skill level 8 in Stealth
  1620 | D:2      | Reached XP level 5. HP: 26/26 MP: 6/6
  1759 | D:2      | Noticed Natasha
  1979 | D:2      | Slain by Natasha

Illustrated notes

Levels and vault maps discovered:
D:1:      dpeg_arrival_stone_temple_mockup, layout_loops_ring,
          nemelex_diamond_rough_becter
D:2:      minmay_wonky_spiral, layout_basic, uniq_sigmund, uniq_natasha

Skill      XL: |  1  2  3  4 |
---------------+-------------+-----
Stealth        | 6 7 8 |  8.8
Dodging        | 2 4 |  4.0
Fighting       | 2 |  2.0
Short Blades   | 3 |  3.7
Throwing       | |  2.0

Action                   |  1- 3 |  4- 6 || total
-------------------------+-------+-------++-------
Melee: Dagger            |    96 |    70 ||   166
  Use: Scroll            |     1 |       ||     1
 Stab: Sleeping          |    13 |     4 ||    17
Armor: Robe              |    13 |    14 ||    27
Dodge: Dodged            |    65 |    91 ||   156
